 Dungeon Crawl Stone Soup version 0.30.0-29-ga12c61a403 (webtiles) character file.

Game seed: 14747382291227721417

494 ChiefBigBeans the Trooper (level 6, -7/48 HPs)
             Began as a Demonspawn Gladiator on June 22, 2023.
             Was an Initiate of Makhleb.
             Mangled by an ogre
             ... wielding a +0 giant club
              (9 damage)
             ... on level 5 of the Dungeon on June 23, 2023.
             The game lasted 00:10:08 (3770 turns).

ChiefBigBeans the Trooper (Demonspawn Gladiator)    Turns: 3770, Time: 00:10:09

Health: -7/48      AC: 16    Str: 16      XL:     6   Next: 92%
Magic:  0/6        EV:  9    Int:  8 (10) God:    Makhleb [......]
Gold:   207        SH:  7    Dex: 14      Spells: 5/5 levels left

rFire   . . .        e - +5 club (spect)
rCold   . . .        k - +0 kite shield
rNeg    . . .        i - +0 scale mail
rPois   .            c - +0 helmet
rElec   .            (no cloak)
rCorr   .            (no gloves)
SInv    .            (no boots)
Will    .....        f - amulet of guardian spirit Stlth
                     (no ring)
HPRegen 0.28/turn    (no ring)
MPRegen 0.10/turn

%: guardian spirit
@: about to teleport, sanguine armoured
A: claws 2, sanguine armour 2
a: Renounce Religion


You were on level 5 of the Dungeon.
You worshipped Makhleb.
Makhleb was noncommittal.
You visited 2 branches of the dungeon, and saw 6 of its levels.

You collected 207 gold pieces.

Inventory:

Hand Weapons
 a - a +0 trident of venom
 e - a +5 spectral club (weapon)
 j - a +2 whip of venom
Armour
 c - a +0 helmet (worn)
 i - a +0 scale mail (worn)
 k - a +0 kite shield (worn)
Jewellery
 f - an amulet of guardian spirit (around neck)
 g - a +6 ring of dexterity
Wands
 d - a wand of flame (25)
 h - a wand of light (8)
 o - a wand of polymorph (4)
Scrolls
 m - a scroll of teleportation
Potions
 b - a potion of curing {unknown}
 l - 2 potions of haste {unknown}


   Skills:
 + Level 3.9 Fighting
 * Level 2.1 Maces & Flails
 - Level 3.8 Polearms
 - Level 1.7 Throwing
 + Level 2.9 Armour
 - Level 3.8 Dodging
 + Level 1.3 Shields


You had 5 spell levels left.
You didn't know any spells.
Your spell library was empty.

Dungeon Overview and Level Annotations

Branches:
Dungeon (5/15)             Temple (1/1) D:4

Altars:
Ashenzari
Cheibriados
Dithmenos
Hepliaklqana
Makhleb
Nemelex Xobeh
Qazlal
Ru
Vehumet
Xom

Shops:
D:4 *

Annotations:
Temple 2 transporters


Innate Abilities, Weirdness & Mutations

You have very sharp fingernails.
When seriously injured, your blood forms thick armour. (AC +9)


Message History

You kill the ufetubus!
Makhleb accepts your kill.
Your +5 spectral club disappears.
You barely miss the iguana.
Your +5 spectral club barely misses the iguana.
The iguana bites you but does no damage.
The iguana bites you!
* * * LOW HITPOINT WARNING * * *
The iguana attacks as you move away! You block the iguana's attack.
Your +5 spectral club disappears.
An ogre comes into view. It is wielding a +0 giant club.
Okay, then.
As you read the scroll of fog, it crumbles to dust.
The scroll dissolves into smoke.
The ogre shouts!
The iguana closely misses you. The iguana attacks as you move away!
You block the iguana's attack.
You hit the iguana.
The iguana is lightly wounded.
Your +5 spectral club closely misses the iguana.
The iguana bites you but does no damage.
You hit the iguana.
The iguana is moderately wounded.
Your +5 spectral club hits the iguana.
The iguana misses your +5 spectral club.
You hit the iguana but do no damage.
The iguana is severely wounded.
Your +5 spectral club closely misses the iguana.
The iguana bites you but does no damage.
The iguana bites you.
* * * LOW HITPOINT WARNING * * *
The ogre hits your +5 spectral club with a +0 giant club!
Your spectral weapon shares its damage with you!
Your +5 spectral club disappears.
You hit the iguana.
You kill the iguana!
Makhleb accepts your kill.
As you read the scroll of teleportation, it crumbles to dust.
You feel strangely unstable. The ogre hits you with a +0 giant club!
You die...

.... #+# +# .... #.# .#
.... #####.# .# ....
......###.####
....#####.............
...#..<#.# #....(.# .
..#.#.#.#.###......#....
............§§†O@.......
.≈≈≈≈≈$≈≈≈§§§§§≈≈≈.≈≈≈≈≈
.≈###≈.≈###§§§###≈.≈###≈
. #≈.≈# #§.≈# ≈.≈# #≈.≈#
#≈O≈# ≈.≈# ≈≈≈.≈≈ ≈≈.≈≈≈
≈.≈≈≈
.....................
≈≈≈≈.≈≈≈≈≈.≈≈≈≈≈.≈≈≈≈


You could see an ogre.

Vanquished Creatures
  A water moccasin (D:5)
  A hound (D:4)
  An orc priest (D:4)
  Ijyb (D:4)
  2 iguanas
  2 orc wizards (D:4)
  7 adders
  4 gnolls
  An ufetubus (D:5)
  2 worms
  4 dart slugs
  8 orcs (D:4)
  9 endoplasms
  3 giant cockroaches
  6 goblins
  8 hobgoblins
  4 kobolds
  3 quokkas
  4 ball pythons
  6 bats
  5 frilled lizards
  4 rats
86 creatures vanquished.

Notes
Turn   | Place    | Note
-------+----------+-------------------------------------------
     0 | D:1      | ChiefBigBeans the Demonspawn Gladiator began the quest for
                  | the Orb.
     0 | D:1      | Reached XP level 1. HP: 16/16 MP: 1/1
   328 | D:1      | Gained mutation: When seriously injured, your blood forms
                  | armour. (AC +9) [demonic ancestry]
   328 | D:1      | Reached XP level 2. HP: 19/22 MP: 2/2
   434 | D:1      | Reached skill level 1 in Armour
   484 | D:1      | Gained mutation: When seriously injured, your blood forms
                  | thick armour. (AC +9) [demonic ancestry]
   484 | D:1      | Reached XP level 3. HP: 27/28 MP: 3/3
  1194 | D:2      | Found a faded altar of an unknown god.
  1393 | D:2      | Gained mutation: You have sharp fingernails. [demonic
                  | ancestry]
  1393 | D:2      | Reached XP level 4. HP: 32/34 MP: 4/4
  2281 | D:3      | Reached XP level 5. HP: 19/41 MP: 2/5
  2688 | D:4      | Found Cane Waq's Assorted Antiques.
  2697 | D:4      | Gained mutation: You have very sharp fingernails. [demonic
                  | ancestry]
  2697 | D:4      | Reached XP level 6. HP: 40/47 MP: 3/6
  2756 | D:4      | Found a staircase to the Ecumenical Temple.
  2765 | Temple   | Entered the Ecumenical Temple
  2765 | Temple   | Found a transporter.
  2765 | Temple   | Found a transporter.
  2767 | Temple   | Found a transporter.
  2767 | Temple   | Found a transporter.
  2780 | Temple   | Became a worshipper of Makhleb the Destroyer
  2804 | D:4      | Noticed Ijyb
  2811 | D:4      | Killed Ijyb
  2812 | D:4      | Reached skill level 1 in Maces & Flails
  3327 | D:4      | Found a broken altar of Ashenzari.
  3332 | D:4      | Found a sparkling altar of Nemelex Xobeh.
  3738 | D:5      | Entered Level 5 of the Dungeon
  3740 | D:5      | Noticed a water moccasin
  3749 | D:5      | Killed a water moccasin
  3750 | D:5      | Reached skill level 1 in Shields
  3759 | D:5      | HP: 2/48 [iguana (6)]
  3765 | D:5      | HP: 1/48 [iguana (4)]
  3770 | D:5      | Mangled by an ogre

Illustrated notes

Levels and vault maps discovered:
D:1:      elethiomel_arrival_quiet, layout_basic
D:2:      layout_loops_ring, hellmonk_ecumenical_altar_blasted,
          minmay_octomino_j4
D:3:      layout_basic
D:4:      layout_basic, amethyst_overflow_temple_binary,
          minmay_temple_entry_statues_fountains, serial_shops,
          nicolae_shop_trees, uniq_ijyb
D:5:      layout_basic, trog_butcher_becter, mainiacjoe_overflow_two_lobes,
          kennysheep_boxes, uniq_eustachio, uniq_menkaure
Temple:   hellmonk_temple_divided_pantheon

Skill      XL: |  1  2  3  4  5  6 |
---------------+-------------------+-----
Polearms       | 3 |  3.8
Armour         | 1 2 |  2.9
Dodging        | 3 |  3.8
Fighting       | 3 |  3.9
Maces & Flails | 2 |  2.1
Shields        | 1 |  1.3
Throwing       | |  1.7

Action                     |  1- 3 |  4- 6 || total
---------------------------+-------+-------++-------
  Melee: Trident           |   107 |   105 ||   212
         Punch             |     1 |     1 ||     2
         Whip              |       |    24 ||    24
         Club              |       |    27 ||    27
    Use: Scroll            |       |     8 ||     8
         Potion            |       |     4 ||     4
   Stab: Sleeping          |     1 |       ||     1
 Armour: Leather armour    |    16 |       ||    16
         Scale mail        |    26 |    77 ||   103
  Dodge: Dodged            |    52 |    73 ||   125
  Block: Kite shield       |       |    21 ||    21
